 Dungeon Crawl Stone Soup version 0.19.5 (webtiles) character file.

185 Findor the Cudgeler (level 5, -1/32 HPs)
             Began as a Gargoyle Wizard on Apr 22, 2017.
             Slain by Grinder (3 damage)
             ... on level 3 of the Dungeon.
             The game lasted 00:12:23 (3893 turns).

Findor the Cudgeler (Gargoyle Wizard)               Turns: 3893, Time: 00:12:23

Health: -1/32      AC:  8    Str: 12    XL:     5   Next: 64%
Magic:  5/9        EV: 11    Int: 18    God:
Gold:   155        SH:  0    Dex: 11    Spells: 3 memorised, 5 levels left

rFire  . . .     SeeInvis .     a - +0 dagger (venom)
rCold  . . .     Gourm    .     m - +0 leather armour (curse)
rNeg   + . .     Faith    .     (no shield)
rPois  ∞         Spirit   .     t - +0 hat
rElec  +         Reflect  .     p - +0 cloak
rCorr  +         Harm     .     (no gloves)
MR     .....                    (no boots)
Stlth  ++........               (no amulet)
                                u - +3 ring of dexterity
                                r - ring of resist corrosion

@: very slightly contaminated
A: negative energy resistance 1, electricity resistance, unbreathing,
petrification resistance, rot immunity, AC +4
a: no special abilities


You were on level 3 of the Dungeon.
You were not hungry.

You visited 1 branch of the dungeon, and saw 3 of its levels.

You collected 155 gold pieces.


Innate Abilities, Weirdness & Mutations

You are resistant to torment.
Your stone body is resilient. (AC +4)
You are immune to poison.
You resist negative energy. (rN+)
You are resistant to electric shocks. (rElec)
You can survive without breathing.
You are immune to petrification.
You are immune to rotting.


   Skills:
 + Level 3.4 Fighting
 * Level 3.9 Maces & Flails
 - Level 1.5 Dodging
 - Level 2.1 Stealth
 - Level 3.0 Spellcasting
 - Level 1.1 Conjurations
   Level 0.8 Summonings
 - Level 0.8 Translocations


You had 5 spell levels left.
You knew the following spells:

 Your Spells              Type           Power        Failure   Level  Hunger
a - Magic Dart            Conj           #...         17%         1    None
r - Repel Missiles        Chrm/Air       #.....       34%         2    ##.....
A - Blink                 Tloc           N/A          24%         2    ##.....

Inventory:

Hand Weapons
 a - a +0 dagger of venom (weapon)
 b - a +0 flail
 h - a +0 blowgun
Missiles
 e - 20 poisoned needles
 g - 8 needles of confusion
Armour
 k - a +0 robe
 m - a cursed +0 leather armour (worn)
 p - a +0 cloak (worn)
 t - a +0 hat (worn)
Jewellery
 j - an uncursed amulet of faith {!P}
 r - a ring of resist corrosion (left hand)
 u - a +3 ring of dexterity (right hand)
Wands
 y - a wand of iceblast (6/15)
Scrolls
 l - 3 scrolls of identify {unknown}
 o - a scroll of enchant armour {unknown}
 z - a scroll of enchant weapon {unknown}
 A - 2 scrolls of teleportation {unknown}
Potions
 n - a potion of brilliance {unknown}
 q - a potion of flight {unknown}
 s - a potion of haste {unknown}
 v - a potion of lignification {unknown}
 x - a potion of ambrosia {unknown}
Books
 c - a book of Minor Magic

   Spells                             Type                      Level
   a - Magic Dart                     Conjuration                  1
   b - Blink                          Translocation                2
   c - Call Imp                       Summoning                    2
   d - Repel Missiles                 Charms/Air                   2
   e - Slow                           Hexes                        2
   f - Conjure Flame                  Conjuration/Fire             3
   g - Mephitic Cloud                 Conjuration/Poison/Air       3
Comestibles
 d - 3 bread rations
 f - 2 meat rations
 i - a beef jerky
 w - a slice of pizza
 B - 7 chunks of flesh


Message History

Grinder is severely wounded.
Grinder barely misses you.
You barely miss Grinder.
Grinder is almost dead.
Grinder gestures at you. You resist with significant effort.
You closely miss Grinder.
Grinder is almost dead.
Grinder hits you.
You writhe in agony.
* * * LOW HITPOINT WARNING * * *
You are too injured to fight recklessly!
You closely miss Grinder.
Grinder is almost dead.
Grinder hits you but does no damage.
You barely miss Grinder.
Grinder is almost dead.
Grinder hits you.
* * * LOW HITPOINT WARNING * * *
You writhe in agony.
You die...

...)..........#.......##.##..# #
...###...#######.###...#.##..####
...# #...# #.#...............
#### #...#######÷###.#..####.####
######........#.##.# #.# #.
#........#.##..# #.# ##
#........+.........####
#........#.# #..#......
#....5@..# #.#..#### #........#
#.#...... .......[....# #....####
...........## #.....##
...........# #.......
...?.......# #...###.
...........# #.......
...........# #.#.###. #.#>###.


You could see Grinder.

Vanquished Creatures
  An orc priest (D:3)
  A gnoll (D:2)
  8 adders
  2 worms (D:2)
  A dart slug (D:2)
  2 leopard geckos
  8 orcs (D:3)
  2 giant cockroaches
  8 goblins
  3 hobgoblins
  4 kobolds
  A ball python (D:3)
  12 bats
  5 frilled lizards
  10 rats
68 creatures vanquished.

Notes
Turn   | Place    | Note
-------+----------+-------------------------------------------
     0 | D:1      | Findor the Gargoyle Wizard began the quest for the Orb.
     0 | D:1      | Reached XP level 1. HP: 10/10 MP: 4/4
   230 | D:1      | Reached skill level 1 in Maces & Flails
   408 | D:1      | Reached XP level 2. HP: 16/16 MP: 3/6
   490 | D:1      | Reached skill level 1 in Fighting
  1105 | D:2      | Found a shimmering altar of Xom.
  1106 | D:2      | Found a shimmering altar of Xom.
  1107 | D:2      | Found a shimmering altar of Xom.
  1108 | D:2      | Found a shimmering altar of Xom.
  1129 | D:2      | Reached XP level 3. HP: 20/20 MP: 3/7
  1489 | D:2      | Found a shimmering altar of Xom.
  1490 | D:2      | Found a shimmering altar of Xom.
  1568 | D:2      | Reached XP level 4. HP: 26/26 MP: 5/8
  1794 | D:2      | Learned a level 2 spell: Blink
  1797 | D:2      | Learned a level 2 spell: Repel Missiles
  1834 | D:3      | Reached skill level 3 in Maces & Flails
  2175 | D:3      | Reached XP level 5. HP: 32/32 MP: 2/9
  2343 | D:3      | Reached skill level 3 in Fighting
  2545 | D:3      | Noticed a phantom
  3271 | D:3      | HP: 4/32 [phantom (3)]
  3831 | D:3      | Noticed Grinder
  3866 | D:3      | Paralysed by Grinder for 6 turns
  3885 | D:3      | Paralysed by Grinder for 4 turns
  3891 | D:3      | HP: 6/32 [Grinder (3)]
  3893 | D:3      | HP: 2/32 [Grinder (4)]
  3893 | D:3      | Slain by Grinder

Vault maps used:
D:1:      eino_arrival_druids_welcome
D:2:      xom_redecorated
D:3:      trog_wizard, uniq_grinder

Action                   |  1- 3 |  4- 6 || total
-------------------------+-------+-------++-------
Melee: Whip              |     6 |       ||     6
       Short sword       |     5 |       ||     5
       Dagger            |    39 |    66 ||   105
       Flail             |       |    64 ||    64
 Cast: Magic Dart        |    42 |    87 ||   129
 Stab: Sleeping          |     1 |       ||     1
  Eat: Chunk             |     2 |     3 ||     5
       Bread ration      |       |     1 ||     1
Armor: Robe              |     6 |       ||     6
       Leather armour    |    12 |    46 ||    58
Dodge: Dodged            |    36 |    77 ||   113
